 Dungeon Crawl Stone Soup version 0.31-a0-656-gb4d89c20fa (webtiles) character file.

Game seed: 7239308416987881134

74 subawu the Digger (level 4, -3/33 HPs)
             Began as a Draconian Earth Elementalist on Aug 30, 2023.
             Slain by a cerulean imp
             ... wielding a +2 spear
             ... summoned by Natasha
              (4 damage)
             ... on level 2 of the Dungeon.
             The game lasted 00:12:21 (1179 turns).

subawu the Digger (Draconian Earth Elementalist)    Turns: 1179, Time: 00:12:21

Health: -3/33      AC:  6    Str: 13    XL:     4   Next: 10%
Magic:  2/7        EV: 12    Int: 15    God:
Gold:   82         SH:  0    Dex: 11    Spells: 4/7 levels left

rFire   . . .        e - +3 dagger
rCold   . . .        (no shield)
rNeg    . . .        (body armour unavailable)
rPois   .            (helmet restricted)
rElec   .            (no cloak)
rCorr   .            (no gloves)
SInv    .            i - +0 pair of boots
Will    .....        (no amulet)
Stlth   ++           (no ring)
HPRegen 0.25/turn    (no ring)
MPRegen 0.10/turn

%: no passive effects
@: no status effects
A: AC +5, unfitting armour, cold-blooded
a: no special abilities


You were on level 2 of the Dungeon.
You visited 1 branch of the dungeon, and saw 2 of its levels.

You collected 82 gold pieces.

Inventory:

Hand Weapons
 c - a +0 dagger
 e - a +3 dagger (weapon)
Missiles
 d - 18 stones
 k - 3 poisoned darts (quivered)
Armour
 i - a +0 pair of boots (worn)
Talismans
 m - a granite talisman
Wands
 l - a wand of flame (19)
Scrolls
 f - a scroll of brand weapon {unknown}
Potions
 a - a potion of magic
 b - a potion of ambrosia
 g - a potion of haste {unknown}
 h - a potion of brilliance {unknown}
 j - a potion of enlightenment {unknown}
 n - a potion of degeneration {unknown}


   Skills:
 + Level 1.2 Short Blades
 + Level 2.3 Dodging
 + Level 2.3 Stealth
 + Level 2.4 Spellcasting
 + Level 1.6 Transmutations
 + Level 3.4 Earth Magic


You had 4 spell levels left.
You knew the following spells:

 Your Spells              Type           Power      Damage    Failure   Level
a - Sandblast             Erth           24%        2d8       5%          1
b - Passwall              Tmut/Erth      7%         N/A       12%         2

Your spell library contained the following spells:

 Spells                   Type           Power      Damage    Failure   Level
 Stone Arrow              Conj/Erth      12%        3d7       32%         3
 Hailstorm                Conj/Ice       1%         3d3       54%         3
 Petrify                  Tmut/Erth      9%         N/A       58%         4
 Passage of Golubria      Tloc           1%         N/A       91%         4
 Summon Ice Beast         Ice/Summ       1%         N/A       91%         4
 Silence                  Hex/Air        0%         N/A       99%         5
 Simulacrum               Ice/Necr       0%         N/A       100%        6
 Lehudib's Crystal Spear  Conj/Erth      3%         10d2      100%        8


Dungeon Overview and Level Annotations

Branches:
Dungeon (2/15)

Altars:

Shops:
D:1 [*(*

Annotations:
D:2 Natasha


Innate Abilities, Weirdness & Mutations

Your plain brown scales are hard. (AC +5)
You cannot fit into any form of body armour.
You are cold-blooded and may be slowed by cold attacks.


Message History

Natasha misses you.
Casting: Sandblast (safe; 5% risk of failure)
Confirm with . or Enter, or press ? or * to list all spells.
Aiming: Sandblast (safe; 5% risk of failure)
Press: ? - help, Shift-Dir - straight line, f - Natasha
Aim: Natasha (77% to hit)
The blast of sand hits Natasha but does no damage.
Natasha casts a spell.
The cerulean imp closely misses you.
You barely miss Natasha. Natasha claws you. The cerulean imp barely misses you.
Casting: Sandblast (safe; 5% risk of failure)
Confirm with . or Enter, or press ? or * to list all spells.
Aiming: Sandblast (safe; 5% risk of failure)
Press: ? - help, Shift-Dir - straight line, f/p - Natasha
Aim: Natasha (77% to hit)
The blast of sand hits Natasha but does no damage.
The cerulean imp hits you from afar with a +0 spear.
Natasha claws you. The cerulean imp misses you.
You hit Natasha but do no damage.
Your tail-slap misses Natasha.
The cerulean imp closely misses you. Natasha claws you!
* * * LOW HITPOINT WARNING * * *
The cerulean imp barely misses you.
You hit Natasha.
Your tail-slap misses Natasha.
Natasha is moderately wounded.
The cerulean imp closely misses you. Natasha claws you.
* * * LOW HITPOINT WARNING * * *
The cerulean imp hits you from afar with a +2 spear.
* * * LOW HITPOINT WARNING * * *
You closely miss Natasha.
Natasha is moderately wounded.
The cerulean imp hits you from afar with a +0 spear.
* * * LOW HITPOINT WARNING * * *
Natasha barely misses you.
The cerulean imp hits you but does no damage.
You hit Natasha.
Natasha is heavily wounded.
The cerulean imp closely misses you.
Natasha casts a spell.
The cerulean imp hits you from afar with a +2 spear.
You die...

.###... #.......
.!....... ........
#........ #.......
.#.#.....## #.# #.......
.......... #.# #.......
>......?.####.# #.......
...#..........###.......
........................
.......@h5............).
..#####.#5##.†######.###
................##.#
#####.#.####.##..#.#
#.... ...###.#.#
###.###### #.#.# ### #.#
#.#.# .. #.# #...#
#.#####.#########..#


You could see Natasha and 2 cerulean imps.

Vanquished Creatures
  Natasha (D:2)
  2 adders (D:2)
  A dart slug (D:1)
  A ball python (D:1)
  5 endoplasms
  A giant cockroach (D:1)
  4 hobgoblins
  A quokka (D:2)
  5 bats
  2 frilled lizards
  4 kobolds
  4 rats
31 creatures vanquished.

Notes
Turn   | Place    | Note
-------+----------+-------------------------------------------
     0 | D:1      | subawu the Draconian Earth Elementalist began the quest for
                  | the Orb.
     0 | D:1      | Reached XP level 1. HP: 14/14 MP: 3/3
    91 | D:1      | Found Yfojuc's General Store.
   158 | D:1      | Reached XP level 2. HP: 20/20 MP: 1/5
   364 | D:1      | Found Seof's Weapon Emporium.
   381 | D:1      | Found Ycheaxink's Assorted Antiques.
   436 | D:1      | Found Axanwy's Armour Shop.
   459 | D:1      | Learned a level 2 spell: Passwall
   827 | D:2      | Reached XP level 3. HP: 26/26 MP: 3/6
   985 | D:2      | Reached skill level 1 in Short Blades
  1150 | D:2      | Noticed Natasha
  1156 | D:2      | Killed Natasha
  1157 | D:2      | Reached XP level 4. HP: 24/33 MP: 1/7
  1166 | D:2      | Noticed Natasha
  1178 | D:2      | HP: 1/33 [cerulean imp/+0 spear[Natasha] (1)]
  1179 | D:2      | Slain by a cerulean imp

Illustrated notes

Levels and vault maps discovered:
D:1:      spicycebolla_arrival_ecumenical, layout_basic, serial_shops,
          nicolae_shop_statue_plus, nicolae_shop_advertising_works
          [nicolae_subvault_shop_adworks], shop,
          nicolae_shop_competitors_out_of_business, minmay_hexomino_c4
D:2:      layout_basic, basic_altar, uniq_natasha

Skill      XL: |  1  2  3 |
---------------+----------+-----
Dodging        | 2 |  2.3
Stealth        | 2 |  2.3
Short Blades   | 1 |  1.2
Spellcasting   | |  2.4
Transmutations | |  1.6
Earth Magic    | |  3.4

Action                     |  1- 3 |  4- 6 || total
---------------------------+-------+-------++-------
  Melee: Dagger            |    46 |    10 ||    56
         Punch             |     1 |       ||     1
         Tailslap          |     5 |     1 ||     6
  Throw: Dart              |     1 |       ||     1
   Cast: Sandblast         |    28 |     2 ||    30
    Use: Potion            |     1 |       ||     1
 Armour: Skin              |    17 |     1 ||    18
  Dodge: Dodged            |    33 |    14 ||    47

Table legend: (Time is in decaauts)
 A = Elapsed time spent in this place.
 B = Non-inter-level travel time spent in this place.
 C = Inter-level travel time spent in this place.
 D = Time resting spent in this place.
 E = Time spent auto-exploring this place.
 F = Levels seen in this place.
 G = Mean time per level.
                   A        B        C        D        E       F      G
               +--------+--------+--------+--------+--------+-----+--------+
         Total |   1192 |   1185 |      7 |      4 |    707 |   2 |  596.0 |
       Dungeon |   1192 |   1185 |      7 |      4 |    707 |   2 |  596.0 |
               +--------+--------+--------+--------+--------+-----+--------+

Top non-repeatable levels by time:
     D:1: 826 daAuts
     D:2: 366 daAuts
